 Dungeon Crawl Stone Soup version 0.31-a0-37-g98a128e1d9 (webtiles) character file.

Game seed: 9946117507661527426

58 minhee2137 the Shield-Bearer (level 4, -4/28 HPs)
             Began as a Gargoyle Fighter on May 15, 2023.
             Was an Initiate of the Shining One.
             Slain by a black bear (7 damage)
             ... on level 5 of the Dungeon.
             The game lasted 00:14:13 (1217 turns).

minhee2137 the Shield-Bearer (Gargoyle Fighter)     Turns: 1217, Time: 00:14:13

Health: -4/28      AC:  8    Str: 19    XL:     4   Next: 1%
Magic:  4/4        EV: 10    Int:  9    God:    the Shining One [......]
Gold:   110        SH:  5    Dex: 15    Spells: 3/3 levels left

rFire   + . .        a - +0 flail
rCold   . . .        c - +0 buckler
rNeg    + . .        n - +1 leather armour of Shielding {+Inv rF+ Will+ Dex+4}
rPois   ∞            (no helmet)
rElec   +            (no cloak)
rCorr   .            (no gloves)
SInv    .            (no boots)
Will    +....        (no amulet)
Stlth   +            (no ring)
HPRegen 0.24/turn    (no ring)
MPRegen 0.09/turn

%: no passive effects
@: glowing
A: sickness immunity, AC +3, negative energy resistance 1, electricity
resistance, torment resistance 1, petrification resistance
a: Renounce Religion, Evoke Invisibility


You were on level 5 of the Dungeon.
You worshipped the Shining One.
The Shining One was noncommittal.
You visited 1 branch of the dungeon, and saw 5 of its levels.

You collected 110 gold pieces.

Inventory:

Hand Weapons
 a - a +0 flail (weapon)
 e - a +0 rapier
 h - a +0 club
 k - a +0 dagger
 l - a +0 club
Missiles
 i - 8 stones (quivered)
Armour
 b - a +0 scale mail
 c - a +0 buckler (worn)
 n - the +1 leather armour of Shielding (worn) {+Inv rF+ Will+ Dex+4}
   (You found it on level 3 of the Dungeon)

   Dex:       It affects your dexterity (+4).
   rF:        It protects you from fire.
   +Inv:      It lets you turn invisible.
   Will:      It increases your willpower.
Scrolls
 j - a scroll of summoning {unknown}
 m - a scroll of identify {unknown}
 o - a scroll of silence {unknown}
 p - a scroll of enchant weapon {unknown}
Potions
 d - a potion of might
 f - a potion of curing {unknown}
 g - 2 potions of haste {unknown}


   Skills:
 + Level 3.5 Fighting
 + Level 2.6 Maces & Flails
 + Level 3.9 Armour
 + Level 0.3 Dodging
 + Level 4.0 Shields


You had 3 spell levels left.
You didn't know any spells.
Your spell library contained the following spells:

 Spells                   Type           Power      Damage    Failure   Level
 Dazzling Flash           Conj/Hex       0%         N/A       87%         3
 Volatile Blastmotes      Fire/Tloc      0%         2d10      87%         3
 Iskenderun's Mystic Bla  Conj/Tloc      0%         2d3       99%         4
 Starburst                Conj/Fire      0%         6d3       100%        6


Dungeon Overview and Level Annotations

Branches:
Dungeon (5/15)
 Temple: D:4-7

Altars:
The Shining One


Innate Abilities, Weirdness & Mutations

You are immune to sickness and miasma.
Your stone body is resilient. (AC +3)
You are immune to poison.
You resist negative energy. (rN+)
You are resistant to electric shocks. (rElec)
You are resistant to unholy torment.
You are immune to petrification.


Message History

The black bear bites you but does no damage.
The black bear claws you but does no damage. x2
You closely miss the black bear.
The black bear is lightly wounded.
The black bear misses you. You block the black bear's attack.
The black bear claws you.
You hit the black bear.
The black bear is moderately wounded.
You block the black bear's attack.
The black bear claws you but does no damage. x2
You block the black bear's attack. The black bear closely misses you.
The black bear claws you but does no damage.
You completely miss the black bear.
The black bear is moderately wounded.
You block the black bear's attack. The black bear claws you. x2
* * * LOW HITPOINT WARNING * * *
You sock the black bear!
The black bear is heavily wounded.
You block the black bear's attack. The black bear barely misses you.
The black bear claws you.
* * * LOW HITPOINT WARNING * * *
You hit the black bear but do no damage.
The black bear is heavily wounded.
The black bear bites you.
* * * LOW HITPOINT WARNING * * *
The black bear claws you but does no damage. x2
The black bear barely misses you. You block the black bear's attack.
The black bear claws you.
* * * LOW HITPOINT WARNING * * *
You hit the black bear but do no damage.
The black bear is heavily wounded.
The black bear bites you but does no damage.
The black bear barely misses you. You block the black bear's attack.
You hit the black bear.
The black bear is severely wounded.
The black bear goes berserk!
You thump the black bear!
The black bear is almost dead.
The black bear bites you!
You die...

### ...
###.#
#@h.#
####.###
###....#
#...####
#.###
...
..>.#
......
......


You could see a black bear (berserk).

Vanquished Creatures
  2 adders (D:3)
  A worm (D:3)
  A dart slug (D:3)
  3 orcs
  3 ball pythons
  A bat (D:3)
  A giant cockroach (D:3)
  3 goblins (D:1)
  4 hobgoblins
  A jackal (D:1)
  2 kobolds (D:1)
  3 quokkas
  4 frilled lizards
  A rat (D:3)
30 creatures vanquished.

Notes
Turn   | Place    | Note
-------+----------+-------------------------------------------
     0 | D:1      | minhee2137 the Gargoyle Fighter began the quest for the
                  | Orb.
     0 | D:1      | Reached XP level 1. HP: 14/14 MP: 1/1
   271 | D:1      | Reached XP level 2. HP: 15/19 MP: 2/2
   764 | D:3      | Identified the +1 leather armour of Shielding {+Inv rF+
                  | Will+ Dex+4}
   826 | D:3      | Found a glowing golden altar of the Shining One.
   829 | D:3      | Reached XP level 3. HP: 23/23 MP: 3/3
   859 | D:3      | Became a worshipper of the Shining One
   910 | D:3      | Found a faded altar of an unknown god.
  1122 | D:3      | Reached skill level 4 in Shields
  1190 | D:5      | Entered Level 5 of the Dungeon
  1200 | D:5      | Noticed a black bear
  1205 | D:5      | Reached XP level 4. HP: 20/28 MP: 4/4
  1217 | D:5      | Slain by a black bear

Illustrated notes

Levels and vault maps discovered:
D:1:      wander_arrival_lonely_grave, layout_basic, serial_forest,
          infiniplex_forest_lined_4_way, infiniplex_forest_end_2,
          infiniplex_forest_end_2, infiniplex_forest_straight_4, st_stairs_12
D:2:      layout_basic, serial_aquarium, aquarium_bridge_square
          [aquarium_subvault_bridge, aquarium_subvault_window,
          aquarium_subvault_wall, aquarium_subvault_wall],
          aquarium_window_corridor_2, aquarium_window_fake,
          aquarium_window_double, aquarium_window_corner, aquarium_view_2d,
          aquarium_balcony_1b, aquarium_pool_2, kennysheep_potato
D:3:      minmay_door_path, layout_loops_ring, mainiacjoe_overflow_24_doors,
          basic_ecumenical_altar
D:4:      layout_basic, gup_ossuary_entry_pyramid,
          nicolae_kite_square_tiling_tiny, uniq_grinder, uniq_duvessa,
          uniq_menkaure
D:5:      layout_basic, uniq_ijyb, uniq_eustachio, uniq_blork_the_orc,
          uniq_sigmund

Skill      XL: |  1  2  3 |
---------------+----------+-----
Shields        | 4 |  4.0
Fighting       | |  3.5
Maces & Flails | |  2.6
Armour         | |  3.9
Dodging        | |  0.3

Action                     |  1- 3 |  4- 6 || total
---------------------------+-------+-------++-------
  Melee: Flail             |   107 |    12 ||   119
    Use: Scroll            |       |     1 ||     1
 Armour: Scale mail        |    21 |       ||    21
         Leather armour    |    20 |    15 ||    35
  Dodge: Dodged            |    59 |     8 ||    67
  Block: Buckler           |    37 |    11 ||    48

Table legend: (Time is in decaauts)
 A = Elapsed time spent in this place.
 B = Non-inter-level travel time spent in this place.
 C = Inter-level travel time spent in this place.
 D = Time resting spent in this place.
 E = Time spent auto-exploring this place.
 F = Levels seen in this place.
 G = Mean time per level.
                   A        B        C        D        E       F      G
               +--------+--------+--------+--------+--------+-----+--------+
         Total |   1252 |   1252 |      0 |      0 |      0 |   5 |  250.4 |
       Dungeon |   1252 |   1252 |      0 |      0 |      0 |   5 |  250.4 |
               +--------+--------+--------+--------+--------+-----+--------+

Top non-repeatable levels by time:
     D:1: 537 daAuts
     D:3: 490 daAuts
     D:2: 176 daAuts
     D:5: 32 daAuts
     D:4: 15 daAuts
